FIQ, neutral male scurrid Tourist ------------------------- -- |.......................| .` |........*..............| ...... ---------......}}}}.............--------- ....} |}}}.....}}}..}}}}}}.....f....}}}}...i..(..} |}}}....}}.}}}}....}}.lf}}}..}}..}}}}}}.} |}}}}}}}......).....}}}}}.}}}.....d.x }.........h..?>.}}........... -..+...........a....ul..- |.........Q.Q...aa....l.| -..!.....}}}}...r}}d....- `.......}}}........a}}e......}}}... |}}}}........}}}...Q.....'...}...}}..}}}}}}....}}.}.....} |}}}}}}}}..}}}.}}}}}}......Z..}}}......}}}}}"........}}}}........}}}}}}}| |}}}}}}..}}}..!}..Q.}}}...}}}}.(......F...}}}}}..}}}}.}}}}}........}}}}}| ---------..........&.Z.}}}......--------- ....}}}....}}}}}}.....--------- |........Z..M...........| ..........}}......| |.........[.............| ..l............| ------------------------- ---------------- FIQ the Rambler Experience level: 1 Strength: 9 Dexterity: 14 Constitution: 14 Intelligence: 13 Wisdom: 7 Charisma: 18 Health: 0(9) Energy: 2(2) Def: 0 Gold: 303 Moves: 36 Dungeon seed: Hf5x_jWoVcrxCMny Game ID: FIQ_1498603304 Your Inventory: Coins $ - 303 gold pieces Weapons a - 48 uncursed +2 darts (in quiver) Armor e - an uncursed +0 Hawaiian shirt (being worn) Comestibles b - 7 uncursed food rations c - an uncursed tin of jackal meat d - 3 uncursed tripe rations f - 2 uncursed tins of spinach g - an uncursed clove of garlic Scrolls i - 2 uncursed scrolls of magic mapping j - 2 blessed scrolls of magic mapping Potions h - 2 uncursed potions of extra healing Wands m - an uncursed wand of secret door detection (0:14) Tools k - an uncursed expensive camera (0:48) l - an uncursed credit card n - an uncursed tin opener Spells and supernatural/magical abilities: Name Level Category Fail Memory W - pray for help -- divine ? -- Your skills at the end: Miscellaneous Skills wands [Basic] Weapon Skills dart [Basic] Spellcasting Skills Final Attributes: You were devoutly aligned. You had infravision. You were very stealthy. You are dead. Voluntary challenges: You went without food. You did not adorn yourself with jewelry or accessories. You did not cause conflict. You were not invisible. You did not have reflection. You were not displaced. You were an atheist. You never hit with a wielded weapon. You were a pacifist. You did not use tools. You did not use plumbed fixtures. You did not drink any magical draughts. You were illiterate. You never genocided any monsters. You never polymorphed an object. You never changed form. You used no wishes. You never split a pudding. You never wrote Elbereth's name. You never violated your personal moral code. Dungeon overview: The Dungeons of Doom: levels 1 to 15 Level 1 a long staircase Level 2 Level 3 a fountain Level 4 Level 5 Level 6 Level 7 Level 8 Level 9 Level 10 Level 11 Level 12 Level 13 Level 14 Level 15 <- You were here History has recorded: On T:1 you entered the Dungeons of Doom to retrieve the Amulet of Yendor! On T:4 you reached level 2 of The Dungeons of Doom. On T:7 you reached level 3 of The Dungeons of Doom. On T:9 you reached level 4 of The Dungeons of Doom. On T:11 you reached level 5 of The Dungeons of Doom. On T:13 you reached level 6 of The Dungeons of Doom. On T:16 you reached level 7 of The Dungeons of Doom. On T:18 you reached level 8 of The Dungeons of Doom. On T:20 you reached level 9 of The Dungeons of Doom. On T:22 you reached level 10 of The Dungeons of Doom. On T:26 you reached level 11 of The Dungeons of Doom. On T:28 you reached level 12 of The Dungeons of Doom. On T:31 you reached level 13 of The Dungeons of Doom. On T:33 you reached level 14 of The Dungeons of Doom. On T:35 you reached level 15 of The Dungeons of Doom. Score breakdown: Gold: 0 ( 0 points) Experience: 1 level ( 0 points) Exploration: 15 levels ( 420 points) Discoveries: 0 items ( 0 points) Variety of kills: 0 monsters ( 0 points) Major goal: (nothing yet) ( 0 points) Survival: died (score multiplied by 3) Total score: 1260 Latest messages: You start digging downward. You continue digging downward. You dig a pit in the floor. You continue digging downward. You dig a hole through the floor. You fall through... You start digging downward. You continue digging downward. You dig a pit in the floor. You continue digging downward. You dig a hole through the floor. You fall through... You enter a leprechaun hall! You start digging downward. You continue digging downward. You dig a pit in the floor. The leprechaun punches you! Your purse feels lighter. You continue digging downward. You dig a hole through the floor. You fall through... The killer bee stings! The Green-elf picks up a candy bar. You start digging downward. The killer bee stings! (3x) The killer bee's sting was poisoned! You die... Final status: Aloha FIQ the Tourist, poisoned by a killer bee... You died in The Dungeons of Doom on dungeon level 15 with 1260 points, and 303 pieces of gold, after 36 moves. You were level 1 with a maximum of 9 hit points when you died.